 Dungeon Sprint DCSS version 0.30.1-9-gdf580d7c3d (webtiles) character file.

Game seed: 2293762992560771680

3472 Heoruswealwe the Impaler (level 9, -5/95 HPs)
             Began as a Minotaur Fighter on Sept 29, 2023.
             Was an Initiate of Gozag.
             Slain by a catoblepas (12 damage)
             ... while petrified by a catoblepas
             ... in the Dungeon (Sprint IX: "|||||||||||||||||||||||||||||").
             The game lasted 00:06:08 (643 turns).

Heoruswealwe the Impaler (Minotaur Fighter)          Turns: 643, Time: 00:06:08

Health: -5/95      AC: 15    Str: 29    XL:     9   Next: 79%
Magic:  8/8        EV:  2    Int:  5    God:    Gozag
Gold:   756        SH:  0    Dex:  9    Spells: 8/8 levels left

rFire   . . .        b - +2 halberd (protect)
rCold   . . .        (shield currently unavailable)
rNeg    + + +        c - +1 chain mail
rPois   ∞            (helmet restricted)
rElec   .            h - +0 cloak
rCorr   .            (no gloves)
SInv    .            (no boots)
Will    .....        (no amulet) Stlth
                     k - +3 ring of strength
HPRegen 0.35/turn    (no ring)
MPRegen 0.11/turn

%: no teleportation
@: petrified
A: horns 2, retaliatory headbutt
a: Renounce Religion, Potion Petition, Call Merchant, Bribe Branch


You were in the Dungeon.
You worshipped Gozag.
Gozag was pleased with you.
You visited 1 branch You collected 756 gold pieces.

Inventory:

Hand Weapons
 a - a +0 trident
 b - a +2 halberd of protection (weapon)
Armour
 c - a +1 chain mail (worn)
 d - a +0 buckler
 h - a +0 cloak (worn)
Jewellery
 k - a +3 ring of strength (left hand)
Wands
 l - a wand of acid (10)
Scrolls
 j - 3 scrolls of blinking
 n - a scroll of identify
 o - 2 scrolls of enchant weapon
Potions
 e - 3 potions of curing
 f - 5 potions of heal wounds
 g - a potion of haste
 i - a potion of berserk rage
 m - a potion of might


   Skills:
 + Level 14.1 Fighting
 * Level 18.9 Polearms
 + Level 14.1 Armour
 - Level 3.6 Shields


You had 8 spell levels left.
You didn't know any spells.
Your spell library was empty.

Dungeon Overview and Level Annotations

Branches:
Dungeon (1/1)

Altars:
Cheibriados
Dithmenos
Elyvilon
Fedhas
Gozag
Hepliaklqana
Kikubaaqudgha
Makhleb
Nemelex Xobeh
Okawaru
Qazlal
Ru
Sif Muna
Trog
Uskayaw
Vehumet
Wu Jian
Xom
Yredelemnul
Zin
The Shining One
Jiyva
Lugonu


Innate Abilities, Weirdness & Mutations

You have a pair of horns on your head.
You reflexively headbutt those who attack you in melee.


Message History

Your weapon exudes an aura of protection.
You headbutt the catoblepas.
The catoblepas is lightly wounded.
You are engulfed in calcifying dust.
You are slowing down.
You slice the catoblepas!!
The catoblepas is moderately wounded.
You are engulfed in calcifying dust.
The water moccasin is no longer petrified.
The catoblepas gores you.
Your limbs are stiffening.
You barely miss the catoblepas.
The catoblepas is moderately wounded.
You are engulfed in calcifying dust.
The blink frog blinks!
The catoblepas gores you but does no damage.
The catoblepas gores you!!
* * * LOW HITPOINT WARNING * * *
You feel much better.
You are engulfed in calcifying dust.
The wolf stops to sniff the ground.
The catoblepas gores you but does no damage.
You have turned to stone.
The catoblepas breathes a plume of calcifying dust at you.
The blast of calcifying dust hits you but does no damage.
You are engulfed in calcifying dust.
The catoblepas gores you!!
* * * LOW HITPOINT WARNING * * *
You are engulfed in calcifying dust.
The blink frog blinks!
The catoblepas breathes a plume of calcifying dust at you.
The blast of calcifying dust hits you but does no damage.
You are engulfed in calcifying dust.
The catoblepas gores you!
* * * LOW HITPOINT WARNING * * *
The catoblepas gores you!!
* * * LOW HITPOINT WARNING * * *
The catoblepas breathes a plume of calcifying dust at you.
The blast of calcifying dust hits you.
* * * LOW HITPOINT WARNING * * *
You are engulfed in calcifying dust.
The blink frog blinks!
The catoblepas gores you.
* * * LOW HITPOINT WARNING * * *
You are engulfed in calcifying dust.
The catoblepas gores you!!
You die...
Your body crumbles into a pile of gold.

▓▓▓▓▓▓▓▓▓▓▓▓▓▓▓▓▓▓▓▓▓▓▓▓▓▓▓▓▓▓▓▓▓
___________________'.....)....)†.
▓▓▓▓▓▓▓▓▓▓▓▓▓▓▓▓▓▓▓▓▓▓▓▓▓▓▓▓▓▓▓▓▓
.................................
▓▓▓▓▓▓▓▓▓▓▓▓▓▓▓▓▓▓▓▓▓▓▓▓▓▓▓▓▓▓▓▓▓
.F.lShSY@.§§?§(..!..'....
▓▓▓▓▓▓▓▓▓▓▓▓▓▓▓▓▓▓▓▓▓▓▓▓▓


$$$$$$$$ $$$$$$$$$$$$$ You could see a catoblepas, a komodo dragon, a blink
frog, 2 water moccasins and a wolf.

Vanquished Creatures
  A hydra (D)
  A tengu warrior (D)
  An ugly thing (D)
  A black mamba (D)
  An unseen horror (D)
  2 kobold demonologists (D)
  A wraith (D)
  A hog (shapeshifter) (D)
  2 water moccasins (D)
  An orc warrior (D)
  A wolf (D)
  A kobold brigand (D)
  A killer bee (D)
  A gnoll bouda (D)
  An iguana (D)
  2 orcs (D)
  A bat (D)
  An endoplasm (D)
  A giant cockroach (D)
  A quokka (D)
  A kobold (D)
  A rat (D)
25 creatures vanquished.

Notes
Turn   | Place    | Note
-------+----------+-------------------------------------------
     0 | D        | Heoruswealwe the Minotaur Fighter began the quest for the
                  | Orb.
     0 | D        | Reached XP level 1. HP: 19/19 MP: 0/0
     6 | D        | Reached skill level 3 in Polearms
    50 | D        | Noticed a water moccasin
    50 | D        | Noticed an iguana
    53 | D        | Killed an iguana
    54 | D        | Reached skill level 5 in Fighting
    54 | D        | Reached skill level 5 in Polearms
    54 | D        | Reached skill level 5 in Armour
    54 | D        | Reached XP level 2. HP: 7/29 MP: 1/1
    54 | D        | Reached XP level 3. HP: 9/36 MP: 2/2
    63 | D        | HP: 1/36 [water moccasin (7)]
    65 | D        | Killed a water moccasin
    66 | D        | Reached skill level 8 in Polearms
    66 | D        | Reached XP level 4. HP: 8/47 MP: 3/3
    66 | D        | Reached XP level 5. HP: 9/52 MP: 4/4
    73 | D        | Found a snail-covered altar of Cheibriados.
    73 | D        | Found a shadowy altar of Dithmenos.
    73 | D        | Found a white marble altar of Elyvilon.
    73 | D        | Found a blossoming altar of Fedhas.
    73 | D        | Found an opulent altar of Gozag.
    74 | D        | Found a hazy altar of Hepliaklqana.
    75 | D        | Found a viscous altar of Jiyva.
    76 | D        | Found an ancient bone altar of Kikubaaqudgha.
    77 | D        | Found a corrupted altar of Lugonu.
    78 | D        | Found a burning altar of Makhleb.
    79 | D        | Found a sparkling altar of Nemelex Xobeh.
    80 | D        | Found an iron altar of Okawaru.
    81 | D        | Became a worshipper of Gozag Ym Sagoz the Greedy
    82 | D        | Found a stormy altar of Qazlal.
    83 | D        | Found a sacrificial altar of Ru.
    84 | D        | Found a shimmering blue altar of Sif Muna.
    85 | D        | Found a bloodstained altar of Trog.
    86 | D        | Found a hide-covered altar of Uskayaw.
    87 | D        | Found a radiant altar of Vehumet.
    88 | D        | Found an ornate altar of the Wu Jian Council.
    89 | D        | Found a shimmering altar of Xom.
    90 | D        | Found a basalt altar of Yredelemnul.
    91 | D        | Found a glowing silver altar of Zin.
    92 | D        | Found a glowing golden altar of the Shining One.
   219 | D        | Noticed a wraith
   219 | D        | Noticed an orc warrior
   219 | D        | Noticed a kobold demonologist
   224 | D        | Killed a kobold demonologist
   225 | D        | Reached skill level 12 in Polearms
   225 | D        | Reached XP level 6. HP: 50/63 MP: 5/5
   232 | D        | Killed an orc warrior
   240 | D        | Killed a wraith
   241 | D        | Reached skill level 10 in Fighting
   241 | D        | Reached skill level 13 in Polearms
   241 | D        | Reached skill level 10 in Armour
   241 | D        | Reached XP level 7. HP: 60/72 MP: 6/6
   246 | D        | Reached skill level 14 in Polearms
   279 | D        | Noticed a six-headed hydra
   279 | D        | Noticed a hog
   279 | D        | Noticed a purple ugly thing
   279 | D        | Noticed a tengu warrior
   279 | D        | Noticed a kobold demonologist
   289 | D        | Killed a kobold demonologist
   290 | D        | Reached XP level 8. HP: 80/82 MP: 7/7
   299 | D        | Killed a tengu warrior
   300 | D        | Reached skill level 16 in Polearms
   307 | D        | Killed a purple ugly thing
   308 | D        | Reached XP level 9. HP: 73/92 MP: 8/8
   311 | D        | Reached skill level 17 in Polearms
   312 | D        | Killed an unseen horror
   317 | D        | Killed a ten-headed hydra
   318 | D        | Reached skill level 18 in Polearms
   587 | D        | Noticed a black mamba
   595 | D        | Noticed a catoblepas
   596 | D        | Killed a black mamba
   602 | D        | Noticed a komodo dragon
   643 | D        | Slain by a catoblepas

Illustrated notes

Levels and vault maps discovered:
D:        linesprint [early_d, line_temple, items_1, d_10, items_2, lair_1,
          lair_end, items_3, orc_1, orc_end, items_4, d_15, swamp_1, shoals_1,
          snake_1, spider_1, d_20, vaults_1, items_5, swamp_end, shoals_end,
          snake_end, spider_end, vaults_end, d_27, items_6, zot_1, zot_end,
          crypt_end, forest_end, elf_end, slime_end, tomb_end, abyss_end,
          pan_hell_end]

Skill      XL: |  1  2  3  4  5  6  7  8  9 |
---------------+----------------------------+-----
Polearms       | 5 8 12 13 14 16 18 | 18.9
Fighting       | 5 7 9 10 11 12 14 | 14.1
Armour         | 5 7 9 10 11 12 14 | 14.1
Shields        | |  3.6

Action                     |  1- 3 |  4- 6 |  7- 9 || total
---------------------------+-------+-------+-------++-------
  Melee: Trident           |    33 |     1 |       ||    34
         Headbutt          |     2 |     2 |    13 ||    17
         Halberd           |       |    21 |    63 ||    84
    Use: Potion            |     1 |       |     5 ||     6
   Stab: Petrified         |       |       |     3 ||     3
 Armour: Scale mail        |    17 |       |       ||    17
         Chain mail        |       |     9 |    49 ||    58
  Dodge: Dodged            |     7 |     5 |    16 ||    28
  Block: Buckler           |     9 |       |       ||     9
